Map: Blackpink РВ

Players

soul

  • Race: Terran Terran
  • League: Grandmaster
  • Spawn Location: 1:00

BratOK (Brat_OK) - Winner!

  • Race: Terran Terran
  • League: Grandmaster
  • Spawn Location: 7:00

VOD

Have the link to the VOD?

Description

Time

  • Played on: April 17, 2018, 1:31 p.m.
  • Length: 27:12
Show
View Real Time Build Order
Export as new Build Order

soul Terran 

Build Orders: Gas First Reaper Expand, Reaper Expand, MMM Bio, Banshee Rush 

Get SALT Encoding   

  12  0:00  SCV  
  13  0:13  SCV  
  14  0:17  Supply Depot  
  14  0:25  SCV  
  15  0:32  Refinery  
  15  0:39  SCV  
  16  0:45  Barracks  
  16  0:51  SCV  
  17  1:03  SCV  
  18  1:15  SCV  
  19  1:32  Reaper, Orbital Command  
  20  1:46  Command Center  
  20  1:57  Factory  
  20  2:00  SCV  
  21  2:04  Marine  
  22  2:12  SCV  
  22  2:14  Supply Depot  
  23  2:19  Refinery  
  23  2:27  Barracks Reactor  
  23  2:35  SCV  
  24  2:43  Hellion  
  26  2:45  Starport  
  26  2:47  SCV  
  26  2:58  Orbital Command  
  27  3:01  SCV, Bunker  
  27  3:04  Marine  
  27  3:05  Factory Tech Lab  
  29  3:10  Marine  
  30  3:13  SCV  
  31  3:22  Marine  
  31  3:25  SCV  
  31  3:26  SCV  
  34  3:33  Cloaking Field, Banshee  
  37  3:37  SCV  
  37  3:41  Marine x2, SCV  
  41  3:49  SCV  
  41  3:51  Supply Depot, Factory Tech Lab  
  41  3:53  SCV  
  43  3:59  Marine x2  
  43  4:01  SCV  
  46  4:05  SCV  
  45  4:10  Supply Depot  
  45  4:12  Siege Tank  
  45  4:13  SCV  
  45  4:16  Marine  
  50  4:17  SCV  
  50  4:18  Banshee  
  54  4:32  Marine, SCV x2  
  56  4:44  Command Center, SCV x2  
  58  4:45  Refinery  
  58  4:46  Supply Depot  
  58  4:48  Supply Depot  
  58  4:50  Siege Tank  
  61  4:56  SCV  
  62  5:08  SCV x2  
  62  5:09  Barracks Tech Lab  
  62  5:14  Engineering Bay x2  
  61  5:16  Raven  
  61  5:20  SCV x2  
  65  5:22  Refinery  
  65  5:27  Barracks  
  65  5:29  Supply Depot  
  65  5:30  Marine, Barracks  
  65  5:32  SCV x2  
  65  5:34  Stimpack  
  68  5:37  Supply Depot  
  68  5:44  SCV  
  68  5:45  SCV  
  68  5:46  Terran Infantry Weapons Level 1  
  68  5:48  Marine  
  71  5:53  Terran Infantry Armor Level 1  
  71  5:58  Orbital Command  
  71  6:02  SCV  
  72  6:06  Marine  
  72  6:07  Starport Reactor  
  72  6:11  SCV  
  74  6:14  SCV  
  74  6:17  Barracks  
  74  6:18  Barracks  
  75  6:22  Siege Tank  
  75  6:23  Marine, SCV  
  75  6:24  SCV  
  81  6:26  SCV, Supply Depot  
  81  6:30  Supply Depot  
  81  6:31  Marine  
  81  6:32  Supply Depot  
  83  6:35  Marine, SCV  
  83  6:36  Marauder  
  87  6:40  Combat Shields  
  87  6:42  Marauder  
  87  6:44  SCV x2, Armory  
  91  6:47  SCV  
  91  6:56  SCV x2  
  91  6:57  Marauder  
  91  6:59  Marine, Missile Turret  
  92  7:02  Viking  
  92  7:03  Marauder, Medivac  
  92  7:05  SCV  
  92  7:08  Barracks Tech Lab  
  99  7:11  SCV  
  99  7:13  SCV  
  101  7:16  Barracks Reactor  
  101  7:17  SCV  
  101  7:19  Marauder  
  104  7:23  SCV  
  104  7:27  SCV  
  104  7:28  Command Center, Refinery x2  
  104  7:29  Marine, SCV  
  106  7:30  Marauder  
  106  7:33  Terran Vehicle Weapons Level 1  
  106  7:34  Concussive Shells  
  106  7:35  SCV  
  110  7:38  Marine, Marauder  
  110  7:39  SCV  
  110  7:40  Marauder  
  110  7:41  SCV  
  110  7:43  Medivac  
  119  7:47  Marine  
  119  7:48  SCV  
  121  7:51  Marauder, SCV  
  121  7:54  Marine  
  121  7:55  SCV, Supply Depot  
  121  7:58  Marine  
  126  7:59  Supply Depot  
  126  8:00  Marauder, SCV  
  126  8:01  Marauder  
  126  8:05  Marine  
  133  8:06  Supply Depot x2  
  133  8:07  SCV  
  133  8:15  Marine  
  133  8:16  Medivac  
  133  8:17  Marauder, Marine  
  137  8:20  Marine, SCV  
  137  8:21  Marauder  
  137  8:23  Marauder  
  137  8:25  Siege Tank  
  146  8:31  Supply Depot  
  146  8:34  Supply Depot  
  146  8:35  Starport x2  
  146  8:36  Marine, Supply Depot  
  146  8:38  Marauder  
  149  8:42  Orbital Command  
  149  8:43  Marauder, SCV  
  149  8:45  SCV  
  153  8:49  Marine, Marauder, SCV  
  154  8:57  Marine  
  154  9:00  Marauder  
  154  9:01  Marine  
  154  9:02  Siege Tank  
  159  9:04  Marine, Marauder  
  159  9:05  Medivac  
  159  9:07  Medivac  
  161  9:10  SCV, Terran Infantry Weapons Level 2  
  161  9:11  SCV  
  161  9:12  SCV x2, Refinery  
  165  9:18  Starport Tech Lab, Refinery  
  165  9:19  Starport Tech Lab  
  165  9:26  Marine, Marauder  
  165  9:31  Terran Infantry Armor Level 2  
  168  9:34  Siege Tank  
  168  9:35  Medivac  
  173  9:41  Terran Ship Weapons Level 1  
  173  9:42  Marine  
  173  9:43  Barracks x3  
  173  9:44  Command Center, Marauder  
  176  9:46  Corvid Reactor  
  176  9:54  Marine, Marauder  
  176  9:58  Marine x3  
  181  10:00  Marine  
  181  10:05  Marine  
  179  10:11  SCV x3  
  179  10:12  Marine, SCV  
  180  10:15  Marine  
  180  10:16  Marine x2, Marauder  
  180  10:18  Marine  
  180  10:19  Raven  
  175  10:23  SCV  
  175  10:24  Marauder  
  178  10:29  Marine  
  178  10:30  SCV x3  
  178  10:35  SCV  
  183  10:36  Marine, Marauder  
  183  10:39  Marine, Marauder  
  183  10:42  Marine, SCV x2  
  192  10:45  Marauder, Liberator  
  192  10:46  Raven  
  192  10:47  Marine  
  197  10:55  Orbital Command  
  196  10:58  Marauder  
  196  11:02  Raven  
  200  11:05  Barracks Tech Lab x3  
  200  11:06  Starport  
  198  11:34  Command Center  
  198  11:35  Sensor Tower  
  198  11:39  Raven  
  199  11:42  Command Center  
  199  11:47  Sensor Tower  
  199  11:50  Fusion Core  
  192  11:59  Raven  
  177  12:19  Liberator, Marine  
  177  12:20  Marauder  
  177  12:21  Liberator, Raven  
  177  12:22  Marine  
  152  12:24  Marine x2, Marauder  
  152  12:25  Marine x4  
  143  12:35  Starport Tech Lab  
  148  12:37  Marine  
  148  12:39  Marine  
  148  12:41  Marine x2, Advanced Ballistics  
  148  12:42  Marine, Raven  
  148  12:43  Marine, Marauder  
  148  12:44  Marauder x2  
  163  12:46  Marauder  
  163  12:49  Orbital Command  
  163  12:50  Missile Turret  
  165  12:55  Marine  
  165  12:56  Planetary Fortress  
  165  12:57  Marine  
  165  12:58  Command Center  
  167  12:59  Marauder, Marine  
  167  13:00  Marine  
  167  13:01  Marauder  
  167  13:04  Medivac, Raven  
  179  13:05  Liberator  
  179  13:09  Refinery  
  179  13:12  Marauder  
  184  13:13  Marine  
  185  13:21  Liberator  
  185  13:25  Raven  
  185  13:36  Raven  
  190  13:43  Command Center, Marine  
  190  13:44  Marauder  
  187  13:49  Marine  
  187  13:50  Marauder  
  187  13:54  Marine, Marauder, Barracks x2  
  193  13:56  Barracks  
  193  13:58  Raven  
  193  13:59  Barracks  
  192  14:25  Raven  
  194  14:35  Marine  
  194  14:36  Marine  
  194  14:37  Marauder  
  169  14:45  Raven  
  169  14:48  Marine, Marauder x4  
  169  14:49  Marine, Marauder  
  169  14:52  Raven  
  163  14:53  Marine  
  163  14:54  Marine  
  163  14:58  Marauder  
  163  15:00  Barracks Tech Lab x4  
  163  15:06  Marine x2  
  165  15:08  Raven  
  165  15:09  Marauder  
  165  15:10  Marauder x4  
  165  15:11  Marine  
  165  15:12  Marine  
  129  15:14  Medivac x2  
  179  15:20  Marauder  
  183  15:23  Marine  
  183  15:27  Marine x3, Marauder x2  
  191  15:28  Marine, Medivac  
  191  15:31  Marauder x3  
  191  15:34  Orbital Command  
  199  15:35  Marine  
  196  15:51  Marine  
  196  15:52  Marauder  
  198  16:19  Marauder  
  200  16:31  Medivac  
  200  16:32  Marine  
  200  16:38  Medivac  
  195  16:41  Medivac x2  
  195  16:42  Marauder, Marine  
  195  16:46  Marine  
  198  16:59  Liberator  
  198  17:33  Liberator  
  198  17:34  Liberator  
  196  17:42  Liberator  
  196  17:48  Raven x2  
  199  17:55  Marine  
  197  18:00  Refinery  
  197  18:01  Refinery, Orbital Command  
  200  18:10  Marauder  
  200  18:15  Marine  
  199  18:20  Marine  
  200  18:30  Terran Infantry Weapons Level 3, Terran Infantry Armor Level 3  
  200  18:38  Command Center  
  199  18:46  Marauder x6  
  190  19:47  Marauder x5  
  190  19:49  Marauder  
  190  19:51  Raven  
  197  19:52  Marine  
  197  19:53  Marauder  
  197  19:54  Marine  
  197  19:56  Marine x4  
  200  20:01  Orbital Command  
  200  20:03  Marauder  
  194  20:08  Marine x2, Medivac  
  194  20:09  Marauder  
  196  20:17  Marauder x2  
  187  20:29  Marine, Marauder  
  187  20:30  Marauder x5  
  200  20:40  Marauder  
  200  20:50  Refinery  
  199  21:00  Marine, Marauder  
  199  21:02  Marine  
  199  21:04  Marine, Marauder, Liberator  
  175  21:13  Marine, Marauder  
  175  21:14  Raven x2  
  174  21:19  Marine, Marauder  
  174  21:20  Marauder  
  174  21:21  Marine, Marauder  
  178  21:28  Marauder x4, Marine  
  178  21:29  Medivac  
  178  21:30  Marine  
  178  21:32  Medivac  
  167  21:34  Marauder  
  167  21:37  Marine  
  167  21:38  Marine  
  171  21:41  Marauder  
  171  21:46  Marine  
  176  21:48  Marine  
  176  21:49  Marauder x4  
  176  21:53  Starport  
  181  21:54  Starport  
  181  21:55  Marine  
  181  21:56  Marauder, Marine  
  181  21:57  Medivac  
  181  21:59  Medivac  
  190  22:02  Marauder, Medivac  
  190  22:03  Marine  
  190  22:06  Marine  
  195  22:10  Marauder  
  195  22:11  Marauder  
  195  22:12  Marine  
  195  22:14  Marine  
  195  22:15  Medivac  
  199  22:21  Marine  
  196  22:58  Raven  
  196  22:59  SCV x2  
  199  23:07  Raven  
  200  23:25  Command Center  
  200  23:27  Liberator x4  
  197  23:29  Marine, Command Center, Marauder  
  197  23:30  Marine  
  197  23:31  Marauder  
  195  23:34  Marine  
  195  23:35  Marauder  
  195  23:37  Marine x3  
  195  23:38  Marine  
  146  23:41  Raven  
  146  23:47  Marine  
  157  23:48  Marine  
  157  23:50  Marine, Raven  
  157  23:52  Marine x2  
  157  23:55  Marine x4  
  151  23:56  Marauder  
  149  24:02  Siege Tank  
  149  24:04  Marine  
  149  24:06  Marine  
  149  24:09  Marauder  
  152  24:10  Marine, Marauder  
  152  24:13  Marine  
  159  24:20  Refinery  
  155  24:24  Raven  
  162  24:32  Marine x3  
  162  24:33  Marine x7, Raven  
  162  24:36  Supply Depot  
  162  24:37  Refinery, Supply Depot  
  162  24:38  Supply Depot  
  158  24:52  Marine  
  144  24:53  Marauder  
  144  24:57  Marine  
  144  24:59  Marine  
  138  25:01  Marine  
  138  25:06  Orbital Command  
  134  25:07  Raven  
  134  25:13  Ghost Academy  
  134  25:15  Marine x2, Marauder  
  134  25:18  Marine x2  
  103  25:29  Marine, Marauder x2  
  103  25:33  Marine, Marauder x2  
  103  25:35  Marine x2  
  96  25:37  Marauder x2  
  96  25:47  Marine  
  96  25:50  Marine  
  96  25:51  Marauder x2  
  96  25:53  Command Center, Marine x2  
  96  25:54  Marine x2  
  104  25:57  Marine  
  104  25:58  Marine  
  104  26:05  Marine  
  104  26:08  Marine  
  104  26:10  Marine  
  101  26:11  Marine x2  
  101  26:12  Marine x3  
  101  26:15  Marine x2  
  81  26:22  Marine  
  76  26:26  Marine  
  76  26:28  Marine  
  76  26:29  Marine x5  
  81  26:33  Marine x2  
  82  26:40  Marine  
  82  26:44  Marine  
  82  26:46  Marine  
  82  26:47  Marine x4  
  70  26:48  Marauder  
  70  26:51  Marine x2  
Show
View Real Time Build Order
Export as new Build Order

BratOK Terran - Winner!

Build Orders: Cyclone Opening, Reaper Expand, Mech 

Get SALT Encoding   

  12  0:00  SCV  
  13  0:13  SCV  
  14  0:17  Supply Depot  
  14  0:25  SCV  
  15  0:31  Refinery  
  15  0:39  SCV  
  16  0:44  Barracks  
  16  0:51  SCV  
  17  1:03  SCV  
  18  1:15  SCV  
  19  1:31  Reaper, Orbital Command  
  20  1:45  Command Center  
  20  1:56  Factory  
  20  1:58  SCV  
  21  2:05  Refinery  
  21  2:08  Reaper  
  22  2:14  Supply Depot  
  22  2:16  SCV  
  23  2:36  SCV  
  24  2:39  Cyclone  
  27  2:48  SCV  
  28  2:53  Barracks Reactor  
  28  2:56  Orbital Command  
  28  3:00  SCV  
  29  3:07  Starport  
  29  3:12  Factory Tech Lab  
  29  3:15  SCV  
  30  3:22  SCV  
  31  3:27  SCV  
  31  3:31  Marine x2  
  31  3:33  Siege Tank  
  37  3:35  SCV  
  37  3:37  Supply Depot  
  38  3:49  Marine  
  36  3:57  SCV  
  36  4:03  SCV  
  36  4:04  Supply Depot  
  36  4:09  SCV  
  37  4:12  Factory Tech Lab  
  37  4:14  Command Center, Raven  
  37  4:15  Marine x2  
  37  4:16  SCV  
  42  4:26  SCV  
  42  4:30  Refinery  
  42  4:31  Refinery  
  42  4:32  SCV  
  42  4:38  SCV  
  44  4:42  Siege Tank  
  47  4:47  SCV  
  47  4:50  SCV  
  50  5:00  SCV  
  50  5:02  Liberator, SCV  
  47  5:12  SCV  
  46  5:20  Siege Tank, SCV  
  53  5:24  Supply Depot  
  53  5:34  Viking  
  53  5:35  SCV x2  
  57  5:41  Supply Depot  
  56  5:49  SCV  
  57  5:51  Orbital Command  
  57  5:56  Factory  
  56  5:59  Factory, Barracks Reactor  
  56  6:02  Viking  
  58  6:04  Viking  
  59  6:12  SCV x2  
  59  6:15  Siege Tank  
  64  6:21  SCV  
  64  6:24  SCV x2  
  67  6:31  Supply Depot  
  67  6:33  SCV, Armory  
  67  6:34  Armory  
  67  6:38  Orbital Command  
  67  6:40  SCV  
  67  6:41  SCV  
  69  6:51  Siege Tank  
  69  6:52  Hellion x2  
  76  6:56  Engineering Bay  
  76  6:57  SCV x2  
  78  7:08  Siege Tank  
  81  7:09  SCV x3  
  81  7:13  Hellion  
  85  7:21  SCV x3  
  88  7:23  Supply Depot, Missile Turret  
  88  7:27  Terran Vehicle Weapons Level 1  
  88  7:29  Missile Turret  
  88  7:33  SCV x3, Supply Depot  
  91  7:37  Terran Vehicle And Ship Armor Level 1  
  91  7:39  Sensor Tower  
  91  7:43  Hellion  
  93  7:45  SCV  
  93  7:48  SCV x2  
  93  7:49  Liberator x2  
  96  7:53  Supply Depot  
  96  7:55  Supply Depot  
  96  7:57  SCV  
  96  7:58  Refinery  
  97  8:00  SCV x2  
  95  8:09  SCV  
  95  8:12  SCV x2  
  100  8:13  Refinery  
  100  8:18  Missile Turret  
  97  8:20  Missile Turret  
  97  8:21  SCV  
  97  8:24  Siege Tank, SCV x2  
  97  8:25  Siege Tank  
  106  8:27  Infernal Pre-Igniter  
  106  8:34  SCV  
  107  8:36  SCV  
  107  8:39  Hellion x2  
  112  8:41  Supply Depot  
  112  8:43  Supply Depot  
  112  8:48  SCV x3  
  108  9:05  SCV x2  
  110  9:10  Command Center, Hellion  
  110  9:13  SCV  
  110  9:14  Siege Tank  
  110  9:15  Siege Tank, Hellion x2  
  121  9:22  Barracks Reactor  
  121  9:23  Factory x2, Supply Depot  
  121  9:25  Supply Depot  
  121  9:29  SCV x2  
  123  9:36  Hellion  
  123  9:37  Hellion  
  127  9:44  Missile Turret  
  127  9:47  Hellion x2  
  127  9:49  Terran Vehicle Weapons Level 2, Viking x2  
  127  9:50  Terran Vehicle And Ship Armor Level 2  
  135  10:04  Missile Turret x2  
  132  10:11  Factory Tech Lab  
  132  10:13  Starport  
  132  10:14  Starport  
  132  10:17  SCV x2  
  132  10:19  Viking x2  
  125  10:29  Hi-Sec Auto Tracking  
  125  10:36  Siege Tank x3, Hellion  
  125  10:37  Hellion x3  
  125  10:39  SCV x2  
  125  10:40  SCV  
  145  10:46  Liberator x2  
  145  10:53  Planetary Fortress, Missile Turret  
  145  10:54  SCV x2  
  145  11:00  Missile Turret  
  145  11:01  Refinery x2, Missile Turret  
  145  11:02  Starport Tech Lab  
  145  11:03  Starport Tech Lab  
  149  11:04  SCV  
  149  11:06  SCV x2  
  149  11:09  Missile Turret  
  149  11:10  Missile Turret  
  150  11:14  Siege Tank  
  150  11:15  Hellion x2  
  155  11:22  Raven  
  155  11:23  Missile Turret  
  157  11:28  Supply Depot  
  157  11:32  SCV x2  
  157  11:40  Raven  
  157  11:42  Hellion x2  
  157  11:43  Corvid Reactor  
  163  11:52  Viking  
  163  11:53  Viking  
  165  12:05  Viking  
  165  12:07  Missile Turret  
  165  12:08  Missile Turret  
  165  12:22  Viking, Raven  
  148  12:31  Command Center  
  148  12:33  Siege Tank x2  
  148  12:34  Command Center, Hellion x5  
  148  12:35  Raven  
  166  12:40  Missile Turret x2  
  166  12:41  Command Center  
  166  12:51  Terran Ship Weapons Level 1  
  166  12:55  Hellion, Terran Vehicle And Ship Armor Level 3  
  166  12:56  Hellion x4  
  176  13:06  Hellion x2  
  178  13:17  Siege Tank, Hellion x2  
  185  13:20  Raven  
  185  13:25  Supply Depot  
  187  13:27  Supply Depot  
  187  13:32  Raven  
  187  13:33  Viking x2  
  187  13:34  Siege Tank  
  187  13:37  Command Center  
  186  13:42  Thor  
  192  13:49  Thor  
  192  13:54  Missile Turret x2, Orbital Command  
  198  13:56  Missile Turret  
  198  14:04  Starport  
  198  14:05  Starport  
  198  14:11  Missile Turret  
  195  14:24  Missile Turret  
  195  14:25  Raven x2  
  198  14:31  Planetary Fortress  
  198  14:33  SCV x2  
  198  14:36  Siege Tank  
  198  14:37  Hellion x2  
  189  14:51  SCV  
  189  14:52  SCV  
  181  14:55  Planetary Fortress, Missile Turret  
  181  14:56  Refinery, Missile Turret  
  181  14:57  Refinery, Missile Turret  
  181  14:58  Missile Turret  
  181  15:01  Siege Tank  
  181  15:02  Siege Tank, Hellion x2, Planetary Fortress  
  191  15:11  Missile Turret  
  191  15:12  Missile Turret  
  191  15:13  Missile Turret  
  191  15:15  Siege Tank  
  191  15:16  Hellion x2  
  191  15:20  Starport Tech Lab x2  
  198  15:23  Hellion  
  198  15:24  Terran Ship Weapons Level 2  
  200  15:32  Terran Vehicle Weapons Level 3  
  200  15:43  Smart Servos  
  190  15:54  Missile Turret  
  190  15:55  Missile Turret  
  190  16:02  Thor  
  196  16:05  Raven x2  
  200  16:13  Missile Turret  
  200  16:16  Missile Turret  
  200  16:29  Missile Turret  
  200  16:31  Missile Turret  
  200  16:41  Missile Turret  
  200  16:50  SCV x2  
  200  16:52  Refinery  
  200  16:53  Refinery  
  200  16:55  Command Center  
  199  17:06  Raven x4  
  199  17:07  Viking x2  
  195  17:28  Hellion x2  
  185  17:49  Raven x4  
  185  17:50  Viking x2  
  177  18:00  Missile Turret  
  177  18:11  Orbital Command  
  177  18:15  Barracks  
  177  18:18  Thor x3  
  195  18:32  Raven x2  
  199  18:40  Terran Ship Weapons Level 3  
  182  18:55  Hellion  
  182  18:56  Hellion x3  
  182  19:01  Thor x2  
  182  19:02  Hellion  
  200  19:03  Command Center x2  
  200  19:08  Command Center  
  200  19:13  Command Center  
  199  19:17  Missile Turret  
  188  19:53  Thor x2  
  188  19:54  Raven  
  187  20:00  Orbital Command  
  168  20:30  Orbital Command x2  
  168  20:33  Thor  
  168  20:35  Raven x2  
  176  20:36  Thor x2  
  176  20:38  Command Center  
  186  20:44  Missile Turret  
  170  21:14  Raven  
  170  21:16  Thor  
  177  21:25  Orbital Command  
  169  21:43  SCV x4  
  169  21:44  Orbital Command  
  173  21:54  Missile Turret  
  173  21:55  SCV x4  
  177  22:01  Hellion  
  177  22:02  Hellion  
  177  22:07  SCV x4  
  185  22:13  Refinery  
  185  22:19  Siege Tank, Hellion  
  191  22:37  SCV x6  
  196  22:49  SCV  
  197  22:52  SCV  
  197  22:53  SCV  
  197  22:54  Planetary Fortress  
  198  23:07  Orbital Command  
  198  23:08  Siege Tank  
  198  23:09  Hellion  
  198  23:11  Missile Turret  
  189  23:21  Siege Tank  
  166  23:44  Siege Tank  
  163  23:49  Siege Tank, SCV  
  163  23:50  Orbital Command  
  165  23:57  SCV  
  165  23:58  SCV  
  167  24:14  SCV x3  
  170  24:18  SCV x3  
  173  24:26  SCV  
  174  24:42  Siege Tank x2  
  174  24:43  Hellion x2  
  178  25:04  Siege Tank, Hellion  
  178  25:06  Hellion  
  183  25:07  Refinery  
  183  25:08  Refinery  
  183  25:10  Orbital Command  
  181  25:42  Siege Tank x2, Hellion  
  191  25:43  Hellion  
  191  25:49  Hellion x2  
  197  25:50  Hellion  
  197  26:04  Hellion  
  185  26:23  Thor x2, Hellion  
  183  26:35  SCV x2  
  181  26:47  Command Center  
Tags
 
Add a new tag
Caveats
  • Supply blocks, unpowered buildings, or Contaminate may cause inaccurate times.
  • Supply counts are checked every 10 seconds.